 Dungeon Crawl Stone Soup version 0.20.1-1-g8b1a95d66d (webtiles) character file.

66 NixNut the Skirmisher (level 4, 29/29 HPs)
             Began as a Gargoyle Berserker on Dec 28, 2017.
             Was a Believer of Trog.
             Quit the game on level 2 of the Dungeon.
             The game lasted 00:06:24 (2327 turns).

NixNut the Skirmisher (Gargoyle Berserker)          Turns: 2327, Time: 00:06:25

Health: 29/29      AC:  6    Str: 22    XL:     4   Next: 15%
Magic:  4/4        EV: 11    Int:  7    God:    Trog [**....]
Gold:   104        SH:  0    Dex:  9    Spells: 3/3 levels left

rFire    . . .     SeeInvis .   k - +1 dagger (freeze)
rCold    + . .     Gourm    .   (no shield)
rNeg     + . .     Faith    .   i - +0 leather armour
rPois    ∞         Spirit   .   (no helmet)
rElec    +         Reflect  .   (no cloak)
rCorr    .         Harm     .   (no gloves)
MR       .....                  (no boots)
Stlth    +.........             (no amulet)
Regen    0.1/turn               n - ring of protection from cold
MPRegen  0.1/turn               (no ring)

@: no status effects
A: negative energy resistance 1, electricity resistance, unbreathing,
petrification resistance, rot immunity, AC +3
a: Berserk, Trog's Hand, Burn Spellbooks, Renounce Religion


You were on level 2 of the Dungeon.
You worshipped Trog.
Trog was pleased with you.
You were not hungry.

You visited 1 branch of the dungeon, and saw 2 of its levels.

You collected 104 gold pieces.

Inventory:

Hand Weapons
 a - a +0 hand axe
 k - a +1 dagger of freezing (weapon)
Armour
 b - a +0 animal skin
 i - a +0 leather armour (worn)
Jewellery
 n - a ring of protection from cold (left hand)
Scrolls
 d - 2 scrolls of identify {unknown}
 j - 3 scrolls of blinking {unknown}
 p - a scroll of magic mapping {unknown}
Potions
 c - a potion of invisibility {unknown}
 e - 3 potions of curing {unknown}
 f - 2 potions of flight {unknown}
 g - a potion of might {unknown}
 h - a potion of experience {unknown}
 m - a potion of heal wounds {unknown}
 o - a potion of agility {unknown}
Comestibles
 l - a royal jelly


   Skills:
 + Level 4.0 Fighting
 * Level 1.1 Short Blades
 - Level 3.6 Axes
 - Level 2.2 Armour
 - Level 1.6 Dodging


You had 3 spell levels left.
You didn't know any spells.

Dungeon Overview and Level Annotations

Branches:
Dungeon (2/15)

Altars:
The Shining One


Innate Abilities, Weirdness & Mutations

You are resistant to torment.
Your stone body is resilient. (AC +3)
You are immune to poison.
You resist negative energy. (rN+)
You are resistant to electric shocks. (rElec)
You can survive without breathing.
You are immune to petrification.
You are immune to rotting.


Message History

You kill the bat!
Trog accepts your kill.
Found a stone staircase leading up.
You open the door.
There is an open door here.
As you open the door, it creaks loudly!
There is an open door here.
There is a stone staircase leading down here.
You see here a ring mail.
You see here an adder skeleton.
You see here an adder skeleton.
You see here a dagger.
There is an open door here.
There is an open door here.
There is an open door here.
There is an open door here.
There is an open door here.
There is a large open door here.
Done exploring.
Are you sure you want to abandon this character and quit the game? (Confirm with "yes".)

.<.......##......# #.#.......#
.#####.......#######.#.......#
............##≈≈≈≈##.###'########
.####......##≈≈..≈≈### #.........
.# #......#≈≈#.##≈≈# ##########
#####......#≈..#.#.≈# #######
...........#≈.#.#..≈#######......
######.....#≈≈##.#≈≈#............
##.#####≈≈.@≈≈##.........#..
#.###.##≈..≈#######.....#.#
#.#....##''## #.....#.#
#######.#.........# #.....#..
...)....#......##.# ###.#.#.#
###............##.# #.#.#<.
#......#.######'#########)#.###
#......#.# #..............#..
###......#.# #...)..........#.#


There were no monsters in sight!

Vanquished Creatures
  2 adders (D:2)
  An ooze (D:1)
  A worm (D:2)
  A dart slug (D:1)
  A leopard gecko (D:1)
  4 bats
  2 giant cockroaches
  6 goblins
  5 hobgoblins
  8 kobolds
  4 frilled lizards
  4 rats
39 creatures vanquished.

Notes
Turn   | Place    | Note
-------+----------+-------------------------------------------
     0 | D:1      | NixNut the Gargoyle Berserker began the quest for the Orb.
     0 | D:1      | Reached XP level 1. HP: 14/14 MP: 1/1
   315 | D:1      | Found a glowing golden altar of the Shining One.
   333 | D:1      | Reached XP level 2. HP: 16/19 MP: 2/2
   791 | D:1      | Reached XP level 3. HP: 21/23 MP: 3/3
  1385 | D:2      | Reached ** piety under Trog
  1594 | D:2      | Reached skill level 4 in Fighting
  1884 | D:2      | Reached skill level 1 in Short Blades
  1884 | D:2      | Reached XP level 4. HP: 27/29 MP: 4/4
  2327 | D:2      | Quit the game

Skill      XL: |  1  2  3 |
---------------+----------+-----
Axes           | 3 |  3.6
Fighting       | 4 |  4.0
Short Blades   | 1 |  1.1
Armour         | |  2.2
Dodging        | |  1.6

Action                   |  1- 3 |  4- 6 || total
-------------------------+-------+-------++-------
Melee: Hand axe          |    83 |       ||    83
       Dagger            |    73 |    13 ||    86
  Eat: Bread ration      |     1 |       ||     1
Armor: Animal skin       |     9 |       ||     9
       Leather armour    |    58 |    12 ||    70
Dodge: Dodged            |    97 |    14 ||   111
